 Dungeon Crawl Stone Soup version 0.23.2-33-g5129a83184 (webtiles) character file.

Game seed: 7819115205749142854

204149 doot the Eclecticist (level 18, 0/143 HPs)
             Began as a Green Draconian Wizard on July 19, 2019.
             Was a High Priest of Sif Muna.
             Slain by a large slime creature (40 damage)
             ... on level 1 of the Vaults on July 22, 2019.
             The game lasted 03:52:49 (58607 turns).

doot the Eclecticist (Green Draconian Wizard)      Turns: 58607, Time: 03:52:49

Health: 0/143      AC: 19    Str: 10    XL:     18   Next: 0%
Magic:  19/55      EV: 16    Int: 27    God:    Sif Muna [*****.]
Gold:   172        SH:  0    Dex: 11    Spells: 5/48 levels left

rFire    . . .     SeeInvis .   b - staff of wizardry
rCold    + . .     Gourm    .   (no shield)
rNeg     . . .     Faith    .   (armour unavailable)
rPois    +         Spirit   .   h - +2 hat
rElec    .         Reflect  .   X - +2 cloak
rCorr    .         Harm     .   k - +0 pair of gloves
MR       +....                  W - +2 pair of boots
Stlth    +++.......             (no amulet)
HPRegen  0.33/turn              o - ring of magical power
MPRegen  0.34/turn              I - ring of magical power

@: studying Summonings, divine energy
A: breathe noxious fumes, unfitting armour, stinger 1, clever 1, cold resistance
1, poison resistance, cold-blooded, AC +10
}: 1/15 runes: decaying
a: Breathe Noxious Fumes, Stop Divine Energy, Channel Magic, Forget Spell,
Renounce Religion


You were on level 1 of the Vaults.
You worshipped Sif Muna.
Sif Muna was extremely pleased with you.
You were hungry.

You visited 7 branches of the dungeon, and saw 33 of its levels.
You also visited: Ossuary and Ice Cave.

You collected 2977 gold pieces.
You spent 2805 gold pieces at shops.

Inventory:

Hand Weapons
 a - the +11 broad axe "Tuce" {chop, +Inv +Fly rC+++ Str-3}
   (You found it on level 2 of the Swamp)

   It inflicts extra damage upon your enemies.
   It affects your strength (-3).
   It renders you almost immune to cold.
   It lets you turn invisible.
   It lets you fly.
Armour
 h - a +2 hat (worn)
 k - a +0 pair of gloves (worn)
 C - the +2 ratskin cloak {+Rats rPois rN+ Str-1 Int-1 Dex+1}
   (You found it on level 4 of the Swamp)

   It affects your strength (-1).
   It affects your intelligence (-1).
   It affects your dexterity (+1).
   It protects you from poison.
   It protects you from negative energy.
 W - a +2 pair of boots (worn)
 X - a +2 cloak (worn)
Magical Staves
 b - an uncursed staff of wizardry (weapon)
Jewellery
 o - a ring of magical power (left hand)
 v - an uncursed ring of ice
 I - a ring of magical power (right hand)
 L - an uncursed ring of resist corrosion
 R - a +4 ring of evasion
 U - an uncursed ring of see invisible
Wands
 d - a wand of scattershot (7)
 e - a wand of flame (39)
 j - a wand of acid (13)
 r - a wand of iceblast (34)
 t - a wand of paralysis (10)
 w - a wand of disintegration (26)
 H - a wand of digging (5)
Scrolls
 l - 7 scrolls of teleportation
 m - 9 scrolls of enchant weapon
 u - 14 scrolls of remove curse
 y - 6 scrolls of fog
 z - 3 scrolls of enchant armour
 B - 3 scrolls of immolation
 D - 3 scrolls of brand weapon {unknown}
 K - 3 scrolls of noise {unknown}
 M - 3 scrolls of blinking {unknown}
 N - 2 scrolls of holy word {unknown}
 P - 3 scrolls of fear {unknown}
 T - a scroll of acquirement {unknown}
 V - a scroll of torment {unknown}
 Y - 2 scrolls of random uselessness {unknown}
 Z - a scroll of vulnerability {unknown}
Potions
 g - 3 potions of heal wounds
 i - 4 potions of invisibility
 n - 7 potions of flight
 p - 7 potions of brilliance
 q - 4 potions of agility
 s - 7 potions of curing
 x - 6 potions of haste
 A - 2 potions of resistance
 E - 4 potions of berserk rage
 F - 5 potions of magic
 J - 5 potions of lignification
 O - 2 potions of mutation
 S - 3 potions of might
Books
 Q - a manual of Summonings
Miscellaneous
 G - a lightning rod (4/4)
Comestibles
 c - 18 rations


   Skills:
 + Level 8.5 Fighting
   Level 3.5 Short Blades
 + Level 9.8 Axes
 + Level 2.0 Staves
 + Level 9.0 Dodging
 + Level 6.3 Stealth
 + Level 15.7 Spellcasting
 + Level 15.1 Conjurations
 + Level 2.1 Charms
 * Level 9.2 Summonings
 + Level 4.1 Necromancy
 + Level 7.6 Translocations
 + Level 6.6 Fire Magic
 + Level 6.1 Ice Magic
 + Level 3.0 Air Magic
 + Level 4.5 Earth Magic
 + Level 6.0 Poison Magic
 + Level 2.2 Invocations
 + Level 1.1 Evocations


You had 5 spell levels left.
You knew the following spells:

 Your Spells              Type           Power        Failure   Level  Hunger
a - Poison Arrow          Conj/Pois      ######....   1%          6    ####...
b - Blink                 Tloc           N/A          1%          2    None
c - Conjure Flame         Conj/Fire      ######..     1%          3    None
d - Mephitic Cloud        Conj/Pois/Air  ######..     1%          3    None
e - Bolt of Magma         Conj/Fire/Erth ######....   1%          5    None
f - Throw Icicle          Conj/Ice       ######..     1%          4    None
g - Sticky Flame          Conj/Fire      ######..     1%          4    None
h - Regeneration          Chrm/Necr      #####.....   1%          3    None
i - Orb of Destruction    Conj           #######...   1%          7    #####..
j - Summon Small Mammal   Summ           ####         1%          1    None
k - Dispel Undead         Necr           #####...     4%          5    None

Your spell library contained the following spells:

 Spells                   Type           Power        Failure   Level  Hunger
 Magic Dart               Conj           ####         0%          1    None
 Searing Ray              Conj           ######       0%          2    None
 Animate Skeleton         Necr           N/A          1%          1    None
 Apportation              Tloc           ######       1%          1    None
 Beastly Appendage        Tmut           ###...       1%          1    None
 Confusing Touch          Hex            ###...       1%          1    None
 Corona                   Hex            ###....      1%          1    None
 Flame Tongue             Conj/Fire      #####        1%          1    None
 Freeze                   Ice            ####         1%          1    None
 Pain                     Necr           ####         1%          1    None
 Shock                    Conj/Air       ####         1%          1    None
 Call Imp                 Summ           ######..     1%          2    None
 Ensorcelled Hibernation  Hex/Ice        #####.       1%          2    None
 Passwall                 Tmut/Erth      ####....     1%          2    None
 Poisonous Vapours        Pois/Air       #####.       1%          2    None
 Slow                     Hex            ###.....     1%          2    None
 Sticks to Snakes         Tmut           ###.....     1%          2    None
 Swiftness                Chrm/Air       #####...     1%          2    None
 Throw Flame              Conj/Fire      ######       1%          2    None
 Throw Frost              Conj/Ice       ######       1%          2    None
 Dazzling Spray           Conj/Hex       ######       1%          3    None
 Gell's Gravitas          Tloc           ######....   1%          3    None
 Inner Flame              Hex/Fire       #####...     1%          3    None
 Lesser Beckoning         Tloc           ######....   1%          3    None
 Ozocubu's Armour         Chrm/Ice       #####...     1%          3    None
 Portal Projectile        Hex/Tloc       #####.       1%          3    None
 Spider Form              Tmut/Pois      #####.....   1%          3    None
 Teleport Other           Tloc           ######..     1%          3    None
 Vampiric Draining        Necr           #####.....   1%          3    None
 Animate Dead             Necr           N/A          1%          4    None
 Force Lance              Conj/Tloc      ######..     1%          4    None
 Fulminant Prism          Conj/Hex       ######....   1%          4    None
 Iskenderun's Mystic Bla  Conj           #######.     1%          4    None
 Passage of Golubria      Tloc           N/A          1%          4    None
 Summon Ice Beast         Ice/Summ       ######..     1%          4    None
 Bolt of Draining         Conj/Necr      ######....   1%          5    None
 Fireball                 Conj/Fire      ######....   1%          5    None
 Iskenderun's Battlesphe  Conj/Chrm      ######..     1%          5    None
 Lightning Bolt           Conj/Air       ######....   1%          5    None
 Venom Bolt               Conj/Pois      ######....   1%          5    None
 Confuse                  Hex            ###.....     2%          3    None
 Tukima's Dance           Hex            ###.....     2%          3    None
 Ice Form                 Ice/Tmut       #####...     2%          4    None
 Petrify                  Tmut/Erth      ####....     4%          4    None
 Agony                    Necr           #####...     4%          5    None
 Lee's Rapid Deconstruct  Erth           #####.....   4%          5    None
 Blade Hands              Tmut           ###.......   26%         5    None
 Iron Shot                Conj/Erth      ######....   2%          6    ####...
 Freezing Cloud           Conj/Ice/Air   ######....   5%          6    ####...
 Dispersal                Tloc           ######....   6%          6    ####...
 Death Channel            Necr           #####.....   26%         6    ####...
 Haunt                    Necr/Summ      ######....   45%         7    #####..
 Statue Form              Tmut/Erth      ####.....    47%         6    ####...
 Ring of Flames           Chrm/Fire      #####.....   75%         7    #####..
 Darkness                 Hex            ###.......   78%         6    ####...
 Invisibility             Hex            ###.....     78%         6    ####...
 Glaciate                 Conj/Ice       ######....   100%        9    #######


Dungeon Overview and Level Annotations

Branches:
Dungeon (15/15)            Temple (1/1) D:4            Lair (6/6) D:9
  Swamp (4/4) Lair:3        Snake (4/4) Lair:2        Slime (0/5) Lair:6
    Orc (2/2) D:9             Elf (0/3) Orc:2        Vaults (1/5) D:13
 Depths (0/5) D:15

Altars:
Ashenzari
Cheibriados
Dithmenos
Elyvilon
Fedhas
Gozag
Hepliaklqana
Kikubaaqudgha
Makhleb
Nemelex Xobeh
Okawaru
Qazlal
Ru
Sif Muna
Trog
Uskayaw
Vehumet
Wu Jian
Xom
Yredelemnul
Zin
The Shining One

Shops:
D:4 *****   D:7 :=   D:9 [   D:10 %   Orc:2 [[:[   Snake:1 }   Snake:3 *

Portals:
Hell: Lair:6
Trove: D:10 (give +6 demon whip)

Annotations:
Lair:5 1 runed translucent door, Meegle's ghost, journeyman DEFE
Snake:4 Asterion; Louise
Orc:2 3 runed translucent doors, mikogus's ghost, journeyman MfSk


Innate Abilities, Weirdness & Mutations

You can breathe blasts of noxious fumes.
Your lurid green scales are hard. (AC +10)
You cannot fit into any form of body armour.
Your tail ends in a poisonous barb.
Your system is resistant to poisons. (rPois)
You are cold-blooded and may be slowed by cold attacks.
Your mind is acute. (Int +2)
Your flesh is cold resistant. (rC+)


Message History

Confirm with . or Enter, or press ? or * to list all spells.
Aiming: Bolt of Magma (safe; 1% risk of failure)
Press: ? - help, Shift-Dir - straight line, f - large slime creature
Aim: a large slime creature (heavily wounded)
The bolt of magma hits the large slime creature!!
The large slime creature is severely wounded.
The bolt of magma hits the ironheart preserver!!
The ironheart preserver is heavily wounded.
Unknown command.
Casting: Bolt of Magma (safe; 1% risk of failure)
Confirm with . or Enter, or press ? or * to list all spells.
Aiming: Bolt of Magma (safe; 1% risk of failure)
Press: ? - help, Shift-Dir - straight line, f/p - large slime creature
Aim: a large slime creature (severely wounded)
The bolt of magma hits the large slime creature!!!
The large slime creature is almost dead.
The bolt of magma hits the ironheart preserver!!
The ironheart preserver is severely wounded.
The large slime creature hits you!!!
You die...

.... #.. #.......# ####
#.. #.......# #...
#.......# #... #.......#
###...######+#+#########
........................
........................
.......@Jp..p...........
###...###+######+#######
#.$ #. #


You could see 2 ironheart preservers and a large slime creature.

Vanquished Creatures
  Mara (Swamp:4)
  Vashnia (Snake:3)
  A bone dragon (Swamp:4)
  Jorgrun (Snake:3)
  3 thorn hunters
  Frances (Lair:3)
  A nagaraja (Snake:2)
  Roxanne (Swamp:1)
  Aizul (Snake:3)
  A stone giant (D:9)
  A great orb of eyes (Vaults:1)
  Fannar (D:10)
  5 ogre magi
  3 ghost crabs (Swamp:4)
  4 vault guards (D:13)
  15 hydras
  Erica (D:10)
  7 anacondas (Snake:2)
  4 naga warriors
  6 centaur warriors
  3 alligators
  2 catoblepae (Lair:4)
  2 shambling mangroves (Swamp:3)
  2 death yaks (Lair:4)
  21 two-headed ogres
  7 naga sharpshooters
  3 shock serpents
  A sun demon (Lair:6)
  5 spriggans
  3 skeletal warriors (D:14)
  A shadow wraith (Vaults:1)
  A spriggan druid (Swamp:1)
  A salamander mystic (Snake:4)
  A naga ritualist (Snake:2)
  A wizard (Lair:6)
  A spectral hydra (Swamp:4)
  2 unseen horrors
  4 swamp dragons
  Pikel (D:6)
  A necromancer (IceCv)
  An ironbrand convoker (Vaults:1)
  3 orc knights
  A harpy (Vaults:1)
  4 mana vipers
  An oklob plant (Swamp:4)
  A wolf spider zombie (D:14)
  A deep elf mage (D:14)
  7 salamanders
  7 manticores
  6 ugly things
  2 cyclopes
  3 guardian serpents
  23 black mambas
  Joseph (D:8)
  3 elephants (Lair:2)
  An ice statue (IceCv)
  9 naga magi
  3 gargoyles
  An elephant (shapeshifter) (D:15)
  A molten gargoyle (Lair:5)
  17 spiny frogs
  4 rime drakes
  A torpor snail (Lair:4)
  9 centaur skeletons
  2 ice devils (Lair:3)
  A kobold demonologist (D:14)
  2 orange demons (Lair:6)
  A rime drake (shapeshifter) (D:14)
  10 komodo dragons
  A hellwing (Lair:6)
  2 swamp worm zombies (Swamp:4)
  11 freezing wraiths
  A tengu conjurer (D:14)
  3 hydra zombies (Swamp:4)
  A queen bee (shapeshifter) (D:14)
  3 meliai (D:11)
  A queen bee (D:12)
  A meliai (shapeshifter) (D:15)
  3 red devils (Lair:6)
  A wind drake (shapeshifter) (D:15)
  6 trolls
  Prince Ribbit (D:5)
  2 polar bears
  7 hornets
  39 slime creatures
  23 blink frogs
  12 tyrant leeches
  A dream sheep (Lair:6)
  8 bog bodies
  6 alligator zombies (Swamp:4)
  A meliai zombie (D:14)
  5 spectral swamp dragons (Swamp:4)
  14 hippogriffs
  A vampire (D:15)
  5 shadows
  A tarantella (shapeshifter) (D:15)
  A wyvern (D:10)
  47 yaks
  3 wraiths
  3 basilisks
  2 hungry ghosts
  Grum (D:7)
  A steam dragon (D:8)
  20 vampire mosquitoes
  20 insubstantial wisps
  5 wargs
  A swamp worm (shapeshifter) (D:15)
  2 acid dragons
  22 nagas
  16 swamp worms
  5 hell hounds (Lair:6)
  12 water moccasins
  Duvessa (D:6)
  8 porcupines
  6 sky beasts
  9 swamp drakes
  A slave (D:6)
  20 orc warriors
  12 ice beasts
  2 black bears
  4 phantoms
  4 swamp dragon zombies (Swamp:4)
  An alligator simulacrum (IceCv)
  A necrophage (D:15)
  26 ogres
  24 centaurs
  8 boggarts
  8 wolves
  14 crocodiles
  Blork the orc (D:4)
  2 big kobolds
  12 bullfrogs
  2 scorpions
  2 wyvern skeletons
  Dowan (D:6)
  An elephant simulacrum (IceCv)
  21 killer bees
  9 wights
  2 electric eels
  12 howler monkeys
  5 crimson imps
  A lava snake (Lair:5)
  4 centaur zombies
  5 jellies
  5 draconian simulacra (IceCv)
  5 hounds
  A quasit (D:14)
  A bullfrog zombie (D:7)
  A gnoll shaman (D:6)
  18 orc priests
  31 orc wizards
  3 bullfrog skeletons
  Ijyb (D:4)
  2 troll simulacra (IceCv)
  3 iguanas
  7 hell rats (Lair:4)
  2 spectral swamp drakes (Swamp:4)
  2 spriggan simulacra (IceCv)
  12 worker ants
  A killer bee zombie (D:5)
  2 wolf simulacra (IceCv)
  4 centaur simulacra (IceCv)
  3 mummies (Ossuary)
  2 howler monkey zombies
  2 worker ant zombies
  14 gnolls
  4 naga simulacra (IceCv)
  3 ogre simulacra (IceCv)
  11 adders
  6 shadow imps
  12 white imps (IceCv)
  5 oozes
  An adder skeleton (D:6)
  An adder zombie (D:5)
  9 worms
  3 dart slugs (D:1)
  4 leopard geckos
  84 orcs
  A ball python (D:5)
  8 bats
  3 giant cockroaches
  A gnoll zombie (Ossuary)
  13 goblins
  5 hobgoblins
  16 jackals
  10 quokkas
  8 frilled lizards
  3 goblin zombies (Ossuary)
  3 hobgoblin zombies (Ossuary)
  25 kobolds
  A kobold zombie (Ossuary)
  An orc zombie (Ossuary)
  3 quokka skeletons
  12 rats
  A plant (Lair:6)
1177 creatures vanquished.

Vanquished Creatures (collateral kills)
  An orc (D:12)
1 creature vanquished.

Vanquished Creatures (others)
  A spiny frog (Lair:6)
  A hippogriff (Lair:6)
  2 yaks (Lair:6)
  2 insubstantial wisps (Swamp:4)
  A slave (D:6)
  A centaur (D:6)
  A crocodile (Lair:6)
  An electric eel (D:9)
  9 fungi
  7 plants
26 creatures vanquished.

Grand Total: 1204 creatures vanquished

Notes
Turn   | Place    | Note
-------+----------+-------------------------------------------
     0 | D:1      | doot the Draconian Wizard began the quest for the Orb.
     0 | D:1      | Reached XP level 1. HP: 14/14 MP: 4/4
   257 | D:1      | Reached XP level 2. HP: 20/20 MP: 6/6
   286 | D:1      | Learned a level 2 spell: Blink
   618 | D:1      | Reached XP level 3. HP: 18/26 MP: 8/8
  1018 | D:2      | Learned a level 3 spell: Conjure Flame
  1022 | D:2      | Learned a level 3 spell: Mephitic Cloud
  1278 | D:2      | Reached XP level 4. HP: 33/33 MP: 5/9
  1622 | D:2      | Reached skill level 1 in Short Blades
  2268 | D:3      | Reached XP level 5. HP: 38/39 MP: 11/11
  2851 | D:3      | Reached XP level 6. HP: 17/46 MP: 2/12
  3431 | D:4      | Noticed Ijyb
  3605 | D:4      | Killed Ijyb
  3674 | D:4      | Found Koupp's Assorted Antiques.
  3704 | D:4      | Noticed Blork the orc
  3711 | D:4      | Killed Blork the orc
  3728 | D:4      | Found Ylaider's General Store.
  3730 | D:4      | Bought a scroll of teleportation for 33 gold pieces
  3730 | D:4      | Bought a potion of curing for 33 gold pieces
  3784 | D:4      | Reached skill level 1 in Fighting
  3927 | D:4      | Found Oras's Assorted Antiques.
  3996 | D:4      | Found a staircase to the Ecumenical Temple.
  4070 | Temple   | Entered the Ecumenical Temple
  4392 | D:4      | Your scales start taking on a lurid green colour.
  4392 | D:4      | Reached XP level 7. HP: 53/53 MP: 4/14
  4392 | D:4      | Gained mutation: Your system is resistant to poisons.
                  | (rPois) [Green Draconian growth]
  4543 | D:4      | Found Beenneg's Assorted Antiques.
  4551 | D:4      | Bought 2 dark potions for 45 gold pieces
  4551 | D:4      | Bought a fizzy grey potion for 22 gold pieces
  4551 | D:4      | Bought a scroll labeled BAFAEBR REHER for 25 gold pieces
  4558 | D:4      | Found Hohafaf's Assorted Antiques.
  4637 | D:5      | Entered Level 5 of the Dungeon
  4645 | D:5      | Reached skill level 5 in Spellcasting
  4882 | D:5      | Noticed Prince Ribbit
  4901 | D:5      | Killed Prince Ribbit
  4901 | D:5      | Reached skill level 1 in Poison Magic
  4901 | D:5      | Reached XP level 8. HP: 35/61 MP: 7/16
  5056 | D:5      | Got a brightly glowing war axe
  5057 | D:5      | Identified the +0 war axe "Woeff" {flame, rC+ MR+ Str-4
                  | Int+5} (You found it on level 5 of the Dungeon)
  5321 | D:5      | You fall through a shaft!
  5332 | D:6      | Reached skill level 1 in Fire Magic
  5464 | D:5      | Found a deep blue altar of Sif Muna.
  5468 | D:5      | Became a worshipper of Sif Muna the Loreminder
  5485 | D:5      | Identified Sif Muna's Guide on Bewitchment
  5508 | D:6      | Noticed Duvessa
  5508 | D:6      | Noticed Dowan
  5519 | D:6      | Killed Dowan
  5521 | D:6      | Killed Duvessa
  5530 | D:6      | Noticed Pikel
  5789 | D:6      | Reached skill level 1 in Axes
  5881 | D:6      | Found a sand-covered staircase.
  5886 | Ossuary  | Entered an ossuary
  6787 | Ossuary  | Reached XP level 9. HP: 47/68 MP: 18/18
  7177 | D:6      | Killed Pikel
  7492 | D:5      | Reached * piety under Sif Muna
  7804 | D:7      | Reached skill level 1 in Air Magic
  7987 | D:7      | Found Fagiw's Book Shoppe.
  8118 | D:7      | Reached skill level 5 in Conjurations
  8620 | D:7      | Found Hifeur's Jewellery Boutique.
  9655 | D:8      | Reached XP level 10. HP: 60/78 MP: 18/21
  9671 | D:8      | Noticed Grum
  9687 | D:7      | Killed Grum
  9948 | D:8      | Reached ** piety under Sif Muna
  9982 | D:8      | Reached skill level 5 in Axes
 10023 | D:8      | Reached skill level 5 in Dodging
 10472 | D:4      | Bought a scroll labeled UHO VEHOISS for 32 gold pieces
 10472 | D:4      | Bought a scroll labeled MELIRYZXYIC for 32 gold pieces
 10472 | D:4      | Bought an inky potion for 28 gold pieces
 10472 | D:4      | Bought 2 purple potions for 57 gold pieces
 10472 | D:4      | Bought a scroll labeled OZUUN IHYORGH for 32 gold pieces
 10904 | D:8      | Noticed a two-headed ogre
 10929 | D:8      | Killed a two-headed ogre
 11285 | D:8      | Noticed a two-headed ogre
 11304 | D:8      | Killed a two-headed ogre
 11309 | D:8      | Noticed Joseph
 11332 | D:8      | Killed Joseph
 12039 | D:9      | Found Lyirown's Antique Armour Boutique.
 12178 | D:9      | Found a staircase to the Lair.
 12196 | D:9      | Reached *** piety under Sif Muna
 12196 | D:9      | Reached XP level 11. HP: 75/85 MP: 16/23
 12583 | D:9      | Found a staircase to the Orcish Mines.
 13034 | D:9      | Reached skill level 5 in Fighting
 13160 | Lair:1   | Entered Level 1 of the Lair of Beasts
 13848 | Lair:1   | Reached skill level 5 in Translocations
 13943 | Lair:1   | Reached **** piety under Sif Muna
 14234 | Lair:1   | Noticed a six-headed hydra
 14271 | Lair:1   | Found a stormy altar of Qazlal.
 14791 | Lair:2   | Noticed a five-headed hydra
 15021 | Orc:1    | Entered Level 1 of the Orcish Mines
 15021 | Orc:1    | Noticed a stone giant
 15614 | D:9      | HP: 4/89 [stone giant (41)]
 15615 | D:9      | Killed a stone giant
 16736 | D:9      | Reached XP level 12. HP: 60/96 MP: 23/25
 16998 | Orc:1    | Found a radiant altar of Vehumet.
 17254 | D:7      | Bought the Incunabulum of Attacks for 605 gold pieces
 17260 | D:7      | Learned a level 5 spell: Bolt of Magma
 17583 | Orc:1    | Learned a level 4 spell: Throw Icicle
 17604 | Orc:2    | Entered Level 2 of the Orcish Mines
 17604 | Orc:2    | Found a staircase to the Elven Halls.
 17911 | Orc:2    | Found a runed translucent gate.
 17911 | Orc:2    | Noticed a tengu warrior
 17912 | Orc:2    | Found a runed translucent gate.
 17913 | Orc:2    | Found a runed translucent gate.
 17913 | Orc:2    | Noticed a naga warrior
 17914 | Orc:2    | Found an iron altar of Okawaru.
 17914 | Orc:2    | Noticed mikogus's ghost (journeyman MfSk)
 17915 | Orc:2    | Noticed a minotaur
 17915 | Orc:2    | Noticed a tengu warrior
 18078 | Orc:2    | Reached skill level 10 in Spellcasting
 18118 | Orc:2    | Noticed an ogre mage
 18121 | Orc:2    | Noticed a two-headed ogre
 18124 | Orc:2    | Noticed a two-headed ogre
 18125 | Orc:2    | Noticed an ogre mage
 18128 | Orc:2    | Noticed a two-headed ogre
 18426 | Orc:2    | Noticed a two-headed ogre
 18426 | Orc:2    | Noticed a two-headed ogre
 18426 | Orc:2    | Noticed a two-headed ogre
 18426 | Orc:2    | Noticed an ogre mage
 18426 | Orc:2    | Noticed a two-headed ogre
 18426 | Orc:2    | Noticed a two-headed ogre
 18447 | Orc:1    | Killed a two-headed ogre
 18452 | Orc:1    | Killed an ogre mage
 18604 | D:9      | Killed a two-headed ogre
 18604 | D:9      | Reached skill level 1 in Ice Magic
 18776 | D:9      | Killed a two-headed ogre
 18791 | D:9      | Killed a two-headed ogre
 19271 | Orc:1    | Killed an ogre mage
 19271 | Orc:1    | Reached ***** piety under Sif Muna
 19308 | Orc:1    | Killed a two-headed ogre
 19308 | Orc:1    | Identified Sif Muna's Papyrus of Damaging Necromancy (Sif
                  | Muna gifted it to you on level 1 of the Orcish Mines)
 19308 | Orc:1    | Received a gift from Sif Muna
 19324 | Orc:1    | Killed a two-headed ogre
 19335 | Orc:1    | Learned a level 4 spell: Sticky Flame
 19339 | Orc:1    | Learned a level 3 spell: Regeneration
 19562 | Orc:2    | Noticed a two-headed ogre
 19729 | Orc:1    | Reached skill level 5 in Stealth
 19883 | D:9      | Killed a two-headed ogre
 20531 | Orc:1    | Killed a two-headed ogre
 20657 | Orc:1    | Killed a two-headed ogre
 20972 | Orc:2    | Killed an ogre mage
 21335 | Orc:2    | Noticed a two-headed ogre
 21339 | Orc:2    | Killed a two-headed ogre
 21339 | Orc:2    | Reached XP level 13. HP: 103/103 MP: 3/28
 21504 | Orc:2    | Reached skill level 1 in Necromancy
 21936 | Orc:2    | Reached skill level 1 in Earth Magic
 22107 | Orc:2    | Found Zaruetad's Antique Armour Boutique.
 22107 | Orc:2    | Found Zitez's Book Emporium.
 22107 | Orc:2    | Found Pediamemm's Armour Emporium.
 22107 | Orc:2    | Found Vooheod's Antique Armour Shop.
 22116 | Orc:2    | Bought a +2 pair of boots for 214 gold pieces
 22358 | D:10     | Entered Level 10 of the Dungeon
 22373 | D:10     | Noticed Fannar
 22394 | D:10     | Killed Fannar
 22638 | D:10     | Found a portal to a secret trove of treasure.
 22878 | D:10     | Noticed Erica
 22896 | D:10     | Killed Erica
 22896 | D:10     | Reached skill level 1 in Charms
 23346 | D:10     | Found Kelu's Food Shoppe.
 24190 | D:11     | Identified Yma Juoz's Catalogue of the Hurtful Birds (Sif
                  | Muna gifted it to you on level 11 of the Dungeon)
 24190 | D:11     | Received a gift from Sif Muna
 25439 | D:11     | Learned a level 7 spell: Orb of Destruction
 26161 | D:12     | Reached skill level 10 in Conjurations
 28088 | D:13     | Gained mutation: Your tail ends in a poisonous barb. [Green
                  | Draconian growth]
 28088 | D:13     | Reached XP level 14. HP: 103/113 MP: 22/29
 28929 | D:13     | Found a gate to the Vaults.
 29258 | D:13     | Identified Sif Muna's Collected Works on Evil and
                  | Confrontation (Sif Muna gifted it to you on level 13 of the
                  | Dungeon)
 29258 | D:13     | Received a gift from Sif Muna
 29270 | D:13     | Learned a level 6 spell: Poison Arrow
 30843 | D:14     | Reached skill level 5 in Fire Magic
 31073 | D:14     | Reached skill level 1 in Evocations
 32128 | Lair:2   | Found a staircase to the Snake Pit.
 33132 | Lair:3   | Found a frozen archway.
 33174 | IceCv    | Entered an ice cave
 34106 | IceCv    | Found an ancient bone altar of Kikubaaqudgha.
 35331 | Lair:3   | Found a staircase to the Swamp.
 35510 | Lair:3   | Reached XP level 15. HP: 118/118 MP: 14/32
 36613 | Lair:4   | Identified Sif Muna's Papyrus of Translocation (Sif Muna
                  | gifted it to you on level 4 of the Lair of Beasts)
 36613 | Lair:4   | Received a gift from Sif Muna
 38173 | Lair:5   | Found a runed translucent door.
 38173 | Lair:5   | Noticed Meegle's ghost (journeyman DEFE)
 39135 | Lair:6   | Entered Level 6 of the Lair of Beasts
 39152 | Lair:6   | Found a staircase to the Slime Pits.
 39206 | Lair:6   | Reached skill level 5 in Poison Magic
 41134 | Lair:6   | Found a burning altar of Makhleb.
 41306 | Lair:6   | Identified Sif Muna's Collected Works on Dislocated
                  | Confrontation (Sif Muna gifted it to you on level 6 of the
                  | Lair of Beasts)
 41306 | Lair:6   | Received a gift from Sif Muna
 41650 | Lair:6   | Found a gateway to Hell.
 41714 | Lair:6   | Learned a level 1 spell: Summon Small Mammal
 42039 | Snake:1  | Entered Level 1 of the Snake Pit
 42591 | Snake:1  | Found Beshraups's Gadget Shop.
 42816 | Snake:2  | Noticed a nagaraja
 42821 | Snake:2  | Killed a nagaraja
 43482 | Snake:2  | Reached skill level 5 in Ice Magic
 44375 | Snake:2  | Reached XP level 16. HP: 127/127 MP: 22/33
 45486 | Snake:3  | Noticed Jorgrun
 45491 | Snake:3  | Killed Jorgrun
 46349 | D:14     | Received a gift from Sif Muna
 46438 | D:15     | Entered Level 15 of the Dungeon
 47535 | D:15     | Found a staircase to the Depths.
 47843 | Swamp:1  | Entered Level 1 of the Swamp
 47843 | Swamp:1  | Noticed Frances
 48055 | Lair:3   | Killed Frances
 48055 | Lair:3   | Reached skill level 5 in Summonings
 48969 | Swamp:1  | Reached skill level 1 in Staves
 49163 | Swamp:1  | Identified Roxanne's Almanac of Moulding
 49163 | Swamp:1  | Noticed Roxanne
 49173 | Swamp:1  | Killed Roxanne
 50158 | Swamp:2  | Got a smoking broad axe
 50159 | Swamp:2  | Identified the +11 broad axe "Tuce" {chop, +Inv +Fly rC+++
                  | Str-3} (You found it on level 2 of the Swamp)
 51345 | Swamp:4  | Entered Level 4 of the Swamp
 51355 | Swamp:4  | Found the +2 ratskin cloak {+Rats rPois rN+ Str-1 Int-1
                  | Dex+1}
 51375 | Swamp:4  | Gained mutation: Your mind is acute. (Int +2) [potion of
                  | mutation]
 51375 | Swamp:4  | Gained mutation: Your flesh is cold resistant. (rC+)
                  | [potion of mutation]
 51387 | Swamp:4  | Noticed a thorn hunter
 51388 | Swamp:4  | Noticed a thorn hunter
 51396 | Swamp:4  | Killed a thorn hunter
 51396 | Swamp:4  | Identified Sif Muna's Compendium of Sinister Secrets (Sif
                  | Muna gifted it to you on level 4 of the Swamp)
 51396 | Swamp:4  | Received a gift from Sif Muna
 51397 | Swamp:4  | Reached XP level 17. HP: 51/134 MP: 2/35
 51398 | Swamp:4  | Reached skill level 1 in Invocations
 52176 | Swamp:4  | Identified the +2 scale mail of Arroj {rElec rC+ rCorr
                  | Dex-4}
 52176 | Swamp:4  | Noticed Mara
 52335 | Swamp:3  | Learned a level 5 spell: Dispel Undead
 52722 | Swamp:3  | Reached skill level 15 in Spellcasting
 53753 | Swamp:4  | Noticed a bone dragon
 53781 | Swamp:4  | Killed a bone dragon
 53981 | Swamp:4  | Noticed doot's illusion
 53982 | Swamp:4  | Killed Mara
 55076 | Swamp:4  | Identified Xumeofewa's Reference Book on Dark Ice (Sif Muna
                  | gifted it to you on level 4 of the Swamp)
 55076 | Swamp:4  | Received a gift from Sif Muna
 55139 | Swamp:4  | Got a decaying rune of Zot
 55618 | Orc:2    | Bought a manual of Summonings for 1545 gold pieces
 55876 | Snake:3  | Noticed Vashnia
 56007 | Snake:3  | HP: 5/135 [Vashnia/bolt (11)]
 56008 | Snake:3  | Killed Vashnia
 56307 | Snake:3  | Found Tyfaytal's Assorted Antiques.
 56324 | Snake:3  | Bought a scroll of teleportation for 102 gold pieces
 56347 | Snake:3  | Noticed Aizul
 56664 | Snake:3  | Reached skill level 15 in Conjurations
 56695 | Snake:3  | Killed Aizul
 57154 | Snake:4  | Entered Level 4 of the Snake Pit
 57416 | Snake:4  | Noticed Louise
 57419 | Snake:4  | Noticed Asterion
 58035 | Vaults:1 | Entered Level 1 of the Vaults
 58604 | Vaults:1 | Reached XP level 18. HP: 38/143 MP: 28/37
 58607 | Vaults:1 | Slain by a large slime creature

Skill      XL: |  1  2  3  4  5  6  7  8  9 10 11 12 13 14 15 16 17 |
---------------+----------------------------------------------------+-----
Stealth        | 2 3 4 5 6 |  6.3
Dodging        | 2 3 4 5 6 7 8 9 |  9.0
Conjurations   | 2 3 4 5 6 8 9 10 12 13 14 15 | 15.1
Short Blades   | 1 2 3 |  3.5
Spellcasting   | 4 5 6 7 8 9 11 13 14 15 | 15.7
Translocations | 2 3 4 5 6 7 |  7.6
Fighting       | 1 2 3 4 6 7 8 |  8.5
Poison Magic   | 1 2 3 4 5 6 |  6.0
Fire Magic     | 1 2 3 4 5 6 |  6.6
Axes           | 2 4 6 7 8 9 |  9.8
Air Magic      | 1 2 3 |  3.0
Ice Magic      | 2 3 5 6 |  6.1
Necromancy     | 1 4 |  4.1
Earth Magic    | 1 3 4 |  4.5
Charms         | 1 2 |  2.1
Evocations     | 1 |  1.1
Summonings     | 3 6 9 |  9.2
Staves         | 1 2 |  2.0
Invocations    | 2 |  2.2

Action                   |  1- 3 |  4- 6 |  7- 9 | 10-12 | 13-15 | 16-18 || total
-------------------------+-------+-------+-------+-------+-------+-------++-------
Melee: Short sword       |     6 |       |       |       |       |       ||     6
       Club              |     4 |       |       |       |       |       ||     4
       Dagger            |    51 |   230 |   125 |       |       |       ||   406
       Tailslap          |     4 |    16 |    24 |    52 |    50 |    19 ||   165
       Unarmed           |     1 |       |       |       |       |       ||     1
       Hand axe          |       |       |   192 |   546 |   252 |       ||   990
       War axe           |       |       |       |       |   258 |     2 ||   260
       Staff             |       |       |       |       |       |    94 ||    94
       Broad axe         |       |       |       |       |       |    29 ||    29
 Cast: Magic Dart        |    61 |    83 |   148 |   227 |    32 |       ||   551
       Conjure Flame     |     1 |     9 |    33 |    43 |    37 |    37 ||   160
       Blink             |       |    15 |    32 |    58 |    46 |    67 ||   218
       Mephitic Cloud    |       |     7 |     6 |    42 |    13 |       ||    68
       Throw Icicle      |       |       |       |    47 |   246 |   116 ||   409
       Bolt of Magma     |       |       |       |    12 |   156 |   105 ||   273
       Regeneration      |       |       |       |     7 |    21 |    30 ||    58
       Orb of Destructio |       |       |       |       |    65 |   160 ||   225
       Poison Arrow      |       |       |       |       |   121 |    92 ||   213
       Sticky Flame      |       |       |       |       |    17 |    15 ||    32
       Dispel Undead     |       |       |       |       |       |    67 ||    67
       Summon Small Mamm |       |       |       |       |       |     1 ||     1
Invok: Divine Energy     |       |       |     1 |       |       |       ||     1
       Channel Magic     |       |       |       |       |     3 |     6 ||     9
       Forget Spell      |       |       |       |       |     1 |       ||     1
 Abil: Breathe Noxious F |       |       |    26 |    59 |    28 |     6 ||   119
       Evoke Invisibilit |       |       |       |       |       |     1 ||     1
Evoke: Wand              |       |       |     3 |       |     3 |     6 ||    12
  Use: Scroll            |       |     5 |     2 |     1 |    14 |    15 ||    37
       Potion            |       |       |       |     2 |       |    10 ||    12
 Stab: Sleeping          |       |     5 |     4 |     1 |     1 |       ||    11
       Confused          |       |       |     5 |    27 |    24 |       ||    56
       Distracted        |       |       |       |     2 |       |       ||     2
       Invisible         |       |       |       |       |       |     2 ||     2
  Eat: Chunk             |     1 |    11 |    12 |    48 |    88 |    60 ||   220
       Ration            |       |       |     3 |     1 |    16 |    19 ||    39
Armor: Skin              |    13 |    64 |    89 |   107 |   250 |   244 ||   767
Dodge: Dodged            |    40 |   119 |   220 |   479 |   815 |   422 ||  2095
